Map: Oceanborn LE

Players

Harstem

  • Race: Protoss Protoss
  • Spawn Location: 5:00

Lambo - Winner!

  • Race: Zerg Zerg
  • Spawn Location: 11:00

Event: ESL Spring 2024 Finals

VOD

Have the link to the VOD?

Description

Time

  • Played on: May 31, 2024, 9:49 p.m.
  • Length: 8:28

All games in this series

Show
View Real Time Build Order
Export as new Build Order

Harstem Protoss 

Build Orders: 1 Gate Expand, Oracle Opening 

Get SALT Encoding   

  12  0:00  Probe  
  13  0:12  Probe  
  14  0:18  Pylon  
  14  0:26  Probe (Chrono Boost)  
  15  0:38  Gateway, Probe (Chrono Boost)  
  16  0:46  Probe (Chrono Boost)  
  16  0:48  Assimilator  
  17  0:52  Probe  
  18  1:04  Probe  
  19  1:19  Nexus  
  19  1:28  Cybernetics Core  
  19  1:31  Probe  
  20  1:36  Assimilator  
  20  1:43  Probe  
  20  1:46  Pylon  
  21  1:55  Probe  
  22  2:02  Adept (Chrono Boost)  
  22  2:07  Probe  
  25  2:19  Probe  
  25  2:21  Stargate  
  25  2:22  Adept (Chrono Boost)  
  28  2:30  Probe  
  28  2:32  Probe  
  28  2:35  Warp Gate  
  30  2:43  Probe  
  30  2:44  Probe  
  32  2:45  Stalker  
  34  2:55  Probe  
  34  2:56  Probe  
  36  3:02  Pylon  
  36  3:07  Probe  
  36  3:08  Probe  
  36  3:10  Oracle (Chrono Boost)  
  38  3:19  Gateway, Probe  
  42  3:20  Probe  
  43  3:31  Probe  
  43  3:32  Probe  
  45  3:37  Oracle (Chrono Boost)  
  48  3:43  Probe  
  48  3:44  Probe  
  48  3:47  Pylon  
  50  3:52  Nexus  
  50  3:55  Probe  
  51  3:56  Probe  
  52  4:07  Oracle (Chrono Boost), Probe  
  52  4:08  Probe  
  54  4:16  Assimilator  
  57  4:17  Pylon  
  57  4:19  Assimilator, Probe  
  57  4:20  Probe  
  57  4:23  Adept  
  61  4:27  Forge  
  61  4:30  Twilight Council  
  61  4:31  Probe  
  61  4:35  Probe  
  63  4:44  Probe  
  64  4:46  Gateway x2  
  64  4:49  Probe  
  64  4:50  Protoss Ground Weapons Level 1  
  64  4:51  Adept  
  64  4:52  Adept  
  69  4:56  Probe  
  70  5:04  Probe  
  71  5:08  Probe (Chrono Boost)  
  71  5:10  Blink (Chrono Boost)  
  71  5:14  Probe (Chrono Boost)  
  73  5:16  Probe (Chrono Boost)  
  73  5:17  Stalker  
  73  5:20  Probe (Chrono Boost)  
  77  5:25  Probe x2 (Chrono Boost)  
  77  5:27  Probe (Chrono Boost)  
  77  5:28  Pylon  
  80  5:29  Probe (Chrono Boost)  
  80  5:32  Gateway  
  80  5:33  Probe  
  82  5:36  Gateway  
  82  5:37  Probe  
  82  5:40  Probe  
  84  5:45  Probe  
  84  5:46  Shield Battery, Pylon  
  84  5:49  Probe  
  86  5:52  Stalker x2, Probe  
  86  5:53  Stalker  
  93  6:00  Pylon  
  94  6:04  Probe  
  94  6:11  Probe  
  95  6:15  Stalker x3  
  95  6:17  Assimilator  
  99  6:18  Probe  
  99  6:19  Pylon  
  99  6:20  Assimilator  
  99  6:23  Stalker  
  102  6:26  Probe  
  102  6:28  Stalker, Pylon  
  105  6:32  Stalker  
  105  6:34  Probe  
  105  6:37  Templar Archives  
  105  6:39  Stalker, Gateway  
  110  6:40  Gateway  
  110  6:41  Stalker  
  110  6:44  Stalker  
  114  6:54  Stalker x2  
  118  6:57  Pylon  
  118  7:00  Stalker  
  120  7:03  Shield Battery  
  120  7:04  Pylon  
  120  7:08  Shield Battery  
  120  7:14  Zealot x3  
  118  7:18  Stalker  
  118  7:20  Sentry  
  118  7:21  Shield Battery  
  116  7:25  Stalker  
  112  7:35  Stalker x5, Photon Cannon  
  112  7:41  Zealot  
  106  7:47  Stalker  
  102  7:57  Probe  
  92  8:01  Pylon  
  92  8:04  Stalker x2  
Show
View Real Time Build Order
Export as new Build Order

Lambo Zerg - Winner!

Build Orders: Hatch First 

Get SALT Encoding   

  12  0:00  Drone  
  13  0:12  Overlord  
  13  0:17  Drone  
  14  0:30  Drone x2  
  16  0:48  Hatchery  
  15  0:51  Drone  
  15  0:54  Drone  
  17  0:59  Drone  
  18  1:09  Extractor  
  17  1:13  Spawning Pool  
  17  1:16  Drone  
  17  1:19  Drone  
  18  1:27  Drone  
  19  1:38  Drone  
  20  1:49  Drone  
  21  2:00  Queen x2  
  26  2:01  Zergling x2, Overlord  
  26  2:08  Metabolic Boost  
  26  2:11  Drone x2  
  28  2:21  Drone  
  28  2:22  Drone  
  30  2:34  Hatchery, Drone  
  30  2:39  Queen  
  32  2:44  Overlord  
  32  2:47  Drone  
  33  2:54  Zergling x4  
  33  2:56  Zergling x2  
  36  3:02  Queen  
  36  3:05  Overlord  
  38  3:11  Drone x4  
  42  3:17  Overlord  
  42  3:21  Drone  
  43  3:27  Queen  
  43  3:31  Overlord  
  43  3:33  Drone  
  46  3:38  Queen  
  48  3:44  Zergling x4  
  48  3:45  Drone x3  
  48  3:46  Drone x2  
  54  3:48  Drone  
  54  3:52  Zergling x2  
  54  3:54  Spore Crawler  
  55  3:59  Drone  
  55  4:00  Drone x2  
  58  4:06  Drone x2  
  60  4:11  Drone x2, Evolution Chamber  
  60  4:16  Overlord  
  63  4:18  Drone x2  
  63  4:21  Overlord  
  65  4:27  Roach Warren  
  65  4:28  Zergling x2  
  65  4:31  Drone  
  66  4:37  Drone x2  
  65  4:39  Spore Crawler  
  65  4:40  Drone x5  
  65  4:42  Drone x3  
  71  4:46  Zerg Melee Weapons Level 1  
  71  4:48  Drone x2  
  71  4:50  Overlord  
  71  4:51  Zergling x2  
  71  4:52  Drone  
  75  4:55  Extractor  
  75  4:57  Drone x3  
  77  5:02  Zergling x2  
  75  5:09  Spore Crawler  
  75  5:10  Drone x3  
  75  5:13  Drone  
  76  5:15  Hatchery  
  76  5:16  Drone x3  
  76  5:17  Zergling x2  
  79  5:21  Lair  
  79  5:23  Zergling x2  
  79  5:24  Extractor  
  79  5:25  Drone x2  
  79  5:28  Overlord  
  81  5:30  Drone  
  81  5:31  Overlord  
  81  5:32  Extractor  
  81  5:36  Overlord  
  81  5:37  Overlord  
  81  5:38  Zergling x4  
  81  5:40  Drone x2  
  81  5:42  Pneumatized Carapace  
  85  5:47  Overlord  
  85  5:50  Overlord  
  85  6:01  Roach x6  
  97  6:08  Roach x3  
  103  6:12  Roach  
  103  6:16  Overlord  
  104  6:23  Overlord, Roach  
  105  6:30  Zergling x24  
  117  6:34  Ravager  
  118  6:40  Zergling x6  
  118  6:45  Zergling x2  
  118  6:46  Zergling x6  
  125  6:49  Zergling x12  
  125  6:53  Ravager x2  
  132  6:55  Zergling x8  
  132  6:57  Ravager  
  132  6:58  Zergling x2  
  132  6:59  Queen x3, Zergling x6  
  147  7:04  Zergling x6  
  147  7:05  Queen  
  151  7:10  Zergling x2  
  151  7:15  Zergling x10  
  151  7:19  Zergling x6  
  148  7:23  Zergling x6  
  148  7:28  Zergling x6  
  148  7:29  Overlord  
  151  7:37  Overlord  
  146  7:38  Overlord  
  146  7:39  Zergling x14  
  148  7:47  Zergling x10  
  148  7:50  Zergling x10  
  143  7:55  Zergling x4  
  131  8:03  Ravager x2  
  130  8:07  Roach x4  
Tags
 
Add a new tag
Caveats
  • Supply blocks, unpowered buildings, or Contaminate may cause inaccurate times.
  • Supply counts are checked every 10 seconds.